 Dungeon Crawl Stone Soup version 0.19.0-2-gae57169 (webtiles) character file.

3210 Enzo the Slasher (level 9, -1/52 HPs)
             Began as a Deep Elf Fighter on Nov 6, 2016.
             Was an Initiate of Dithmenos.
             Succumbed to a hornet's poison
             ... on level 7 of the Dungeon on Nov 7, 2016.
             The game lasted 01:35:51 (12851 turns).

Enzo the Slasher (Deep Elf Fighter)                Turns: 12851, Time: 01:35:52

Health: -1/52      AC: 16    Str: 16    XL:     9   Next: 65%
Magic:  11/11      EV:  4    Int: 14    God:    Dithmenos [......]
Gold:   516        SH: 13    Dex: 14    Spells: 0 memorised, 8 levels left

rFire  . . .     SeeInvis .     a - +0 long sword
rCold  + . .     Gourm    .     p - +0 plate armour
rNeg   . . .     Faith    .     c - +0 shield
rPois  .         Spirit   .     (no helmet)
rElec  .         Reflect  +     (no cloak)
rCorr  .         Harm     .     (no gloves)
MR     .....                    (no boots)
Stlth  ..........               h - +3 amulet of reflection
                                i - +4 ring of protection
                                e - ring of protection from cold

@: lethally poisoned (-1 -> -21), slowed, very slow
A: no striking features
a: Renounce Religion


You were on level 7 of the Dungeon.
You worshipped Dithmenos.
Dithmenos was noncommittal.
You were not hungry.

You visited 2 branches of the dungeon, and saw 9 of its levels.

You collected 516 gold pieces.

Inventory:

Hand Weapons
 a - a +0 long sword (weapon)
Missiles
 d - an exploding tomahawk
 F - 6 tomahawks (quivered)
Armour
 c - a +0 shield (worn)
 p - a +0 plate armour (worn)
Jewellery
 e - a ring of protection from cold (left hand)
 h - a +3 amulet of reflection (around neck)
 i - a +4 ring of protection (right hand)
 k - an uncursed amulet of guardian spirit
 x - a +3 ring of evasion
 B - a cursed ring of teleportation
 J - an uncursed ring of protection from magic
Wands
 t - a wand of confusion (10/48)
 w - a wand of paralysis (14/24)
Scrolls
 b - 2 scrolls of magic mapping {unknown}
 g - 2 scrolls of recharging {unknown}
 j - 10 scrolls of remove curse {unknown}
 l - 2 scrolls of teleportation {unknown}
 n - 2 scrolls of immolation {unknown}
 o - 2 scrolls of noise {unknown}
 r - 3 scrolls of fog {unknown}
 v - 5 scrolls of identify
 y - 2 scrolls of random uselessness {unknown}
 A - a scroll of enchant armour {unknown}
 E - a scroll of fear {unknown}
 G - a scroll of enchant weapon {unknown}
 I - a scroll of amnesia {unknown}
Potions
 m - a potion of invisibility {unknown}
 s - a potion of resistance {unknown}
 u - a potion of brilliance {unknown}
 z - a potion of magic {unknown}
 C - a potion of berserk rage {unknown}
 H - a potion of degeneration {unknown}
Books
 L - a book of Misfortune

   Spells                             Type                      Level
   a - Confusing Touch                Hexes                        1
   b - Confuse                        Hexes                        3
   c - Gell's Gravitas                Hexes/Translocation          3
   d - Petrify                        Transmutation/Earth          4
   e - Metabolic Englaciation         Hexes/Ice                    5
   f - Yara's Violent Unravelling     Hexes/Transmutation          5
Comestibles
 f - 5 bread rations
 q - 4 meat rations


   Skills:
 + Level 4.6 Fighting
 + Level 7.6 Long Blades
 + Level 0.6 Throwing
 + Level 6.2 Armour
 + Level 1.7 Dodging
 + Level 1.1 Stealth
 + Level 6.1 Shields


You had 8 spell levels left.
You didn't know any spells.

Dungeon Overview and Level Annotations

Branches:
Dungeon (8/15)             Temple (1/1) D:7            Lair (0/6) D:8

Altars:
Ashenzari
Cheibriados
Dithmenos
Elyvilon
Fedhas
Gozag
Hepliaklqana
Kikubaaqudgha
Makhleb
Nemelex Xobeh
Okawaru
Qazlal
Ru
Sif Muna
Trog
Uskayaw
Vehumet
Xom
Yredelemnul
Zin
The Shining One

Shops:
D:4 =

Annotations:
D:4 howech's ghost, amateur DrAE


Message History

* * * LOW HITPOINT WARNING * * *
You feel yourself slow down.
Your shield and plate armour prevent you from hitting the hornet.
The hornet is almost dead.
* * * LOW HITPOINT WARNING * * *
You feel sick.
You block the hornet's attack. x2; The hornet stings you.
* * * LOW HITPOINT WARNING * * *
You are more poisoned.
You feel as though you will be slow longer.
You hit the hornet.
The hornet is almost dead.
* * * LOW HITPOINT WARNING * * *
You feel very sick. The hornet stings you.
* * * LOW HITPOINT WARNING * * *
You feel as though you will be slow longer.
You block the hornet's attack.
You closely miss the hornet.
The hornet is almost dead.
You die...

##'#####..##..#.........#.<.(.
#......#..##..#.........#####+
#......#...#..'...............
#......'...#..#...............
#......#..##..#.......(.......
#......#'###..#...<.........†.
#..........#..#....#####......
#..........#..#.>..#...#######
#..........'y@#....#...#......
#..........#..#....#...'......
#..........#..#....#...#######
#######....#..#....#...#....##
#....#..#....#...'....#.
#....#..#....#...#....#.
#....#'##....#...#....##
#....#..#<...#...#####..
#######....#..#....#....# #..


You could see a hornet.

Vanquished Creatures
  A hippogriff (D:7)
  A mottled dragon (D:7)
  A soldier ant (D:6)
  An ice beast (D:6)
  A sky beast (D:7)
  A phantom (D:5)
  A necrophage (D:6)
  An eye of draining (D:8)
  4 ogres
  4 centaurs
  A big kobold (D:7)
  3 bullfrogs
  A wyvern skeleton (D:6)
  A scorpion (D:7)
  2 wights (D:8)
  4 crimson imps
  3 jellies
  2 centaur skeletons
  5 orc priests
  3 bullfrog skeletons
  2 hounds
  3 iguanas
  6 orc wizards
  5 worker ants
  A hound skeleton (D:6)
  7 gnolls
  10 adders
  3 oozes
  An adder skeleton (D:3)
  An adder zombie (D:7)
  4 dart slugs
  8 leopard geckos
  16 orcs
  8 bats
  3 giant cockroaches
  10 goblins
  8 hobgoblins
  19 jackals
  2 quokkas
  A ball python (D:4)
  2 frilled lizards
  A jackal skeleton (D:4)
  2 jackal zombies
  17 kobolds
  2 leopard gecko skeletons (D:7)
  A quokka skeleton (D:6)
  8 rats
192 creatures vanquished.

Vanquished Creatures (others)
  A worker ant (D:6)
  A worm (D:6)
2 creatures vanquished.

Grand Total: 194 creatures vanquished

Notes
Turn   | Place    | Note
-------+----------+-------------------------------------------
     0 | D:1      | Enzo the Deep Elf Fighter began the quest for the Orb.
     0 | D:1      | Reached XP level 1. HP: 13/13 MP: 3/3
   270 | D:1      | Reached XP level 2. HP: 15/18 MP: 4/4
  1317 | D:2      | Reached XP level 3. HP: 22/22 MP: 5/5
  1412 | D:2      | Reached skill level 2 in Long Blades
  1577 | D:2      | Found a shattered altar of Ashenzari.
  2698 | D:3      | Reached XP level 4. HP: 27/27 MP: 6/6
  3111 | D:3      | Reached skill level 1 in Dodging
  3522 | D:3      | Reached XP level 5. HP: 31/32 MP: 7/7
  3651 | D:4      | Noticed howech's ghost (amateur DrAE)
  3977 | D:4      | Found a faded altar of an unknown god.
  3977 | D:4      | Found a faded altar of an unknown god.
  3982 | D:4      | Found a stormy altar of Qazlal.
  3991 | D:4      | Reached skill level 3 in Long Blades
  3992 | D:4      | Found an opulent altar of Gozag.
  3994 | D:4      | Found a faded altar of an unknown god.
  4184 | D:4      | Found Jeiskaoh's Jewellery Emporium.
  4349 | D:4      | Noticed an ogre
  5533 | D:4      | Reached XP level 6. HP: 22/37 MP: 4/8
  5813 | D:5      | Entered Level 5 of the Dungeon
  6729 | D:5      | Noticed an ice beast
  6953 | D:6      | Reached skill level 4 in Long Blades
  6953 | D:6      | Reached XP level 7. HP: 34/41 MP: 6/9
  7491 | D:6      | Found a shimmering altar of Xom.
  7537 | D:6      | Found a deep blue altar of Sif Muna.
  7568 | D:6      | Found an ancient bone altar of Kikubaaqudgha.
  7798 | D:6      | Reached skill level 5 in Long Blades
  7978 | D:6      | Reached XP level 8. HP: 43/46 MP: 10/10
  9004 | D:5      | Reached skill level 5 in Armour
  9191 | D:5      | Reached skill level 6 in Long Blades
  9191 | D:5      | Reached skill level 5 in Shields
 10313 | D:6      | Reached XP level 9. HP: 34/51 MP: 11/11
 10842 | D:7      | Found a hide-covered altar of Uskayaw.
 10932 | D:7      | Found a staircase to the Ecumenical Temple.
 10953 | D:7      | Reached skill level 7 in Long Blades
 10974 | Temple   | Entered the Ecumenical Temple
 11202 | Temple   | Became a worshipper of Dithmenos the Shadowed
 12534 | D:8      | Reached skill level 1 in Stealth
 12603 | D:8      | Found a basalt altar of Yredelemnul.
 12606 | D:8      | Found a blossoming altar of Fedhas.
 12606 | D:8      | Found a glowing silver altar of Zin.
 12614 | D:8      | Found a bloodstained altar of Trog.
 12681 | D:8      | Found a staircase to the Lair.
 12805 | D:8      | Paralysed by a hornet for 2 turns
 12840 | D:7      | Paralysed by a hornet for 3 turns
 12850 | D:7      | HP: 1/52 [hornet (5)]
 12851 | D:7      | Succumbed to a hornet's poison

Skill      XL: |  1  2  3  4  5  6  7  8  9 |
---------------+----------------------------+-----
Long Blades    | 2 3 4 5 6 7 |  7.6
Armour         | 3 4 5 6 |  6.2
Shields        | 3 4 5 6 |  6.1
Dodging        | 1 |  1.7
Fighting       | 3 4 |  4.6
Stealth        | 1 |  1.1
Throwing       | |  0.6

Action                   |  1- 3 |  4- 6 |  7- 9 || total
-------------------------+-------+-------+-------++-------
Melee: Long sword        |   141 |   362 |   829 ||  1332
Throw: Tomahawk          |       |     2 |    11 ||    13
Evoke: Wand              |       |     5 |     1 ||     6
  Use: Scroll            |     2 |     2 |     4 ||     8
       Potion            |     2 |     1 |     7 ||    10
  Eat: Chunk             |     6 |    13 |    10 ||    29
       Beef jerky        |       |     1 |     1 ||     2
       Royal jelly       |       |       |     1 ||     1
       Bread ration      |       |       |     2 ||     2
Armor: Scale mail        |    72 |       |       ||    72
       Plate armour      |       |   290 |   369 ||   659
Dodge: Dodged            |    40 |    53 |    86 ||   179
Block: Shield            |    67 |   203 |   457 ||   727
       Reflection        |       |       |     5 ||     5
       Rpst.: Long sword |    12 |    16 |    30 ||    58
